 Dungeon Crawl Stone Soup version 0.30-a0-972-gf3ab3527aa (webtiles) character file.

Game seed: 15552959337861847171

114 NinjaNoafa the Changer (level 4, -4/28 HPs)
             Began as an Octopode Transmuter on Mar 31, 2023.
             Was an Initiate of Cheibriados.
             Slain by a river rat (6 damage)
             ... on level 4 of the Dungeon.
             The game lasted 00:07:01 (2751 turns).

NinjaNoafa the Changer (Octopode Transmuter)        Turns: 2751, Time: 00:07:01

Health: -4/28      AC:  1    Str: 10    XL:     4   Next: 98%
Magic:  6/9        EV: 10    Int: 18    God:    Cheibriados [......]
Gold:   227        SH:  0    Dex: 13    Spells: 7/10 levels left

rFire   . . .      SeeInvis .      - Unarmed
rCold   . . .      Faith    .    (no shield)
rNeg    . . .      Spirit   .    (helmet currently unavailable)
rPois   .          Reflect  .    (no amulet)
rElec   .          Rampage  .    (no ring)
rCorr   .                        (no ring)
Will    .....                    (no ring)
Stlth   ++                       (no ring)
HPRegen 0.24/turn                (no ring)
MPRegen 0.11/turn                (no ring)
                                 (no ring)
                                 (no ring)

@: appendages, wereblooded, constricted, very slow
A: tentacle spike 3, almost no armour, amphibious, 8 rings, camouflage 1,
gelatinous body 1, (nimble swimmer 1), tentacles
a: End Transformation, Renounce Religion


You were on level 4 of the Dungeon.
You worshipped Cheibriados.
Cheibriados was noncommittal.
One of your tentacles had grown a beastly spike.
You visited 2 branches of the dungeon, and saw 5 of its levels.

You collected 227 gold pieces.

Inventory:

Missiles
 e - 4 poisoned darts
 m - 3 boomerangs
 o - a throwing net
Wands
 k - a wand of digging (9)
Scrolls
 b - 2 scrolls of summoning {unknown}
 c - a scroll of fog {unknown}
 d - a scroll of poison {unknown}
 f - a scroll of teleportation {unknown}
 g - 3 scrolls of identify {unknown}
 h - a scroll of silence {unknown}
 i - a scroll of noise {unknown}
 j - a scroll of blinking {unknown}
 l - a scroll of amnesia {unknown}
 p - a scroll of enchant weapon {unknown}
Potions
 a - 3 potions of lignification
 n - a potion of invisibility {unknown}
 q - a potion of haste {unknown}


   Skills:
 - Level 1.0 Fighting
 - Level 2.0 Dodging
 - Level 3.0 Unarmed Combat
 + Level 3.5 Spellcasting
 + Level 3.7 Transmutations


You had 7 spell levels left.
You knew the following spells:

 Your Spells              Type           Power      Damage    Failure   Level
a - Beastly Appendage     Tmut           32%        N/A       3%          1
b - Wereblood             Tmut           16%        N/A       4%          2

Your spell library contained the following spells:

 Spells                   Type           Power      Damage    Failure   Level
 Spider Form              Tmut/Pois      9%         N/A       22%         3
 Static Discharge         Conj/Air       6%         2-3/arc   24%         2
 Vhi's Electric Charge    Tloc/Air       6%         N/A       43%         3
 Ice Form                 Ice/Tmut       9%         N/A       56%         4
 Arcjolt                  Conj/Air       1%         1d11      99%         5
 Plasma Beam              Fire/Air       1%         2x1d8     99%         5


Dungeon Overview and Level Annotations

Branches:
Dungeon (4/15)             Temple (1/1) D:4

Altars:
Ashenzari
Cheibriados
Dithmenos
Elyvilon
Fedhas
Gozag
Hepliaklqana
Makhleb
Nemelex Xobeh
Okawaru
Ru
Uskayaw
Xom
Yredelemnul
The Shining One


Innate Abilities, Weirdness & Mutations

One of your tentacles has grown a beastly spike.
You cannot wear most types of armour.
You are amphibious.
You can wear up to eight rings at the same time.
Your skin changes colour to match your surroundings (Stealth+).
Your rubbery body absorbs attacks. (AC +1, EV +1)
((You are camouflaged when in or above water. (Stealth+)))
You have tentacles for arms and can constrict up to eight enemies at once.


Message History

The ball python hisses angrily.
A ball python comes into view.
Casting: Beastly Appendage (safe; 3% risk of failure)
Confirm with . or Enter, or press ? or * to list all spells.
Your blood is infused with primal strength.
Casting: Wereblood (safe; 4% risk of failure)
Confirm with . or Enter, or press ? or * to list all spells.
One of your tentacles grows a vicious spike.
The river rat bites you.
You closely miss the river rat. Your grab misses the river rat.
The ball python bites you. The ball python closely misses you.
The river rat closely misses you. The ball python closely misses you.
The ball python grabs you. The ball python constricts you.
You tentacle-slap the ball python.
You feel a bit better.
You kill the ball python!
Cheibriados appreciates the change of pace.
The river rat closely misses you.
You tentacle-slap the ball python. Your grab misses the ball python.
The ball python is moderately wounded.
The ball python closely misses you. The ball python barely misses you.
The river rat bites you!
You barely miss the river rat. Your grab misses the river rat.
The ball python barely misses you. x2; The river rat bites you.
* * * LOW HITPOINT WARNING * * *
You closely miss the river rat. Your grab misses the river rat.
You squeeze the river rat.
The river rat is heavily wounded.
The ball python bites you.
* * * LOW HITPOINT WARNING * * *
The ball python closely misses you. The river rat bites you!
* * * LOW HITPOINT WARNING * * *
The ball python closely misses you. The ball python grabs you.
The ball python constricts you.
* * * LOW HITPOINT WARNING * * *
You barely miss the river rat. You grab the river rat.
You pierce the river rat.
You squeeze the river rat, but do no damage.
The river rat is almost dead.
You constrict the river rat. The river rat bites you.
You die...

#.
...........#####.####
##
##.......#...........
#.#.#...#.#####.####
# #.......# #.#
#.#.#.#######.#
#...#.........#
#.###.#######.# #.#
#.# ### #@# #.#
~~~...Sr# #.#
~~~~...## #.########
+#~~... #.........
#~...# #.########
#~~~. ### +~.~. #####


You could see a river rat and a ball python.

Vanquished Creatures
  3 adders
  An ufetubus (D:4)
  3 worms
  5 dart slugs
  2 bats (D:2)
  4 endoplasms
  2 giant cockroaches
  10 goblins
  3 hobgoblins
  4 jackals (D:4)
  4 kobolds
  4 quokkas
  8 ball pythons
  2 frilled lizards
  6 rats
61 creatures vanquished.

Notes
Turn   | Place    | Note
-------+----------+-------------------------------------------
     0 | D:1      | NinjaNoafa the Octopode Transmuter began the quest for the
                  | Orb.
     0 | D:1      | Reached XP level 1. HP: 13/13 MP: 3/3
   104 | D:1      | Reached XP level 2. HP: 9/18 MP: 3/5
   152 | D:1      | Learned a level 2 spell: Wereblood
   397 | D:1      | Reached XP level 3. HP: 23/23 MP: 4/6
  1189 | D:2      | Reached XP level 4. HP: 28/28 MP: 5/8
  2564 | D:4      | Found a staircase to the Ecumenical Temple.
  2571 | Temple   | Entered the Ecumenical Temple
  2592 | Temple   | Became a worshipper of Cheibriados the Contemplative
  2751 | D:4      | Slain by a river rat

Illustrated notes

Levels and vault maps discovered:
D:1:      denvon_arrival_hothouse, layout_basic
D:2:      layout_loops_cross
D:3:      layout_basic, nicolae_overflow_hidden_temple
D:4:      layout_basic, minmay_temple_entry_statues_pillars, serial_curves,
          eino_curves_04, eino_curves_03, eino_curves_02, eino_curves_02,
          portal_sewer_entry_e, uniq_eustachio
Temple:   hellmonk_temple_of_storms

Skill      XL: |  1  2  3 |
---------------+----------+-----
Transmutations | 3 |  3.7
Spellcasting   | 3 |  3.5
Fighting       | |  1.0
Dodging        | |  2.0
Unarmed Combat | |  3.0

Action                     |  1- 3 |  4- 6 || total
---------------------------+-------+-------++-------
  Melee: Unarmed           |    64 |    61 ||   125
         Tentacles         |    18 |    11 ||    29
         Constrict         |    24 |    15 ||    39
         Kick              |    20 |    17 ||    37
         Punch             |     1 |     1 ||     2
   Cast: Beastly Appendage |    25 |    14 ||    39
         Wereblood         |     6 |    11 ||    17
   Stab: Sleeping          |     6 |     1 ||     7
 Armour: Skin              |     4 |     3 ||     7
  Dodge: Dodged            |    38 |    63 ||   101

Table legend: (Time is in decaauts)
 A = Elapsed time spent in this place.
 B = Non-inter-level travel time spent in this place.
 C = Inter-level travel time spent in this place.
 D = Time resting spent in this place.
 E = Time spent auto-exploring this place.
 F = Levels seen in this place.
 G = Mean time per level.
                   A        B        C        D        E       F      G
               +--------+--------+--------+--------+--------+-----+--------+
         Total |   2785 |   2630 |    155 |      0 |   1766 |   5 |  557.0 |
       Dungeon |   2736 |   2589 |    147 |      0 |   1752 |   4 |  684.0 |
        Temple |     48 |     40 |      8 |      0 |     14 |   1 |   48.0 |
               +--------+--------+--------+--------+--------+-----+--------+

Top non-repeatable levels by time:
     D:1: 898 daAuts
     D:2: 654 daAuts
     D:3: 652 daAuts
     D:4: 531 daAuts
  Temple: 48 daAuts
